 Dungeon Crawl Stone Soup version 0.31-a0-188-g5e087ee2ca (webtiles) character file.

Game seed: 16134759027583563564

163 qw the Skirmisher (level 5, 0/29 HPs)
             Began as a Deep Elf Hunter on June 23, 2023.
             Was an Initiate of Okawaru.
             Slain by an orc
             ... wielding a +0 flail
              (4 damage)
             ... on level 4 of the Dungeon.
             The game lasted 00:00:46 (2107 turns).

qw the Skirmisher (Deep Elf Hunter)                 Turns: 2107, Time: 00:00:47

Health: 0/29       AC:  9    Str: 10    XL:     5   Next: 20%
Magic:  7/7        EV: 12    Int: 14    God:    Okawaru [......]
Gold:   111        SH:  0    Dex: 29    Spells: 4/4 levels left

rFire   . . .        Y - +0 shortbow (heavy)
rCold   + + .        (shield currently unavailable)
rNeg    . . .        a - +0 ring mail
rPois   +            f - +0 helmet
rElec   .            k - +0 cloak
rCorr   +            d - +1 pair of gloves
SInv    .            (no boots)
Will    .....        (no amulet)
Stlth   +            j - ring "Elekkuh" {rC+ rCorr Dex+5}
HPRegen 0.24/turn    b - ring of Paranoia {Contam rPois rC+ Dex+6}
MPRegen 0.10/turn

%: no passive effects
@: confused
A: no striking features
a: Renounce Religion


You were on level 4 of the Dungeon.
You worshipped Okawaru.
Okawaru was noncommittal.
You visited 1 branch of the dungeon, and saw 4 of its levels.

You collected 214 gold pieces.
You spent 103 gold pieces at shops.


   Skills:
 - Level 1.5 Fighting
 + Level 8.0 Ranged Weapons
 - Level 1.0 Armour
 - Level 3.2 Dodging
 - Level 1.2 Stealth


You had 4 spell levels left.
You didn't know any spells.
Your spell library was empty.

Inventory:

Hand Weapons
 Y - a +0 heavy shortbow (weapon)
Armour
 a - a +0 ring mail (worn)
 d - a +1 pair of gloves (worn)
 f - a +0 helmet (worn)
 i - the +3 Mad Mage's Maulers {Infuse+∞ VampMP -Cast}
   (You acquired it on level 3 of the Dungeon)

   Infuse+∞: It empowers its wearer's blows with all of their magic.
   VampMP:    Blows struck in melee replenish the wearer's magic.
   -Cast:     It prevents spellcasting.
 k - a +0 cloak (worn)
Jewellery
 b - the ring of Paranoia (right hand) {Contam rPois rC+ Dex+6}
   (You found it on level 2 of the Dungeon)

   [ring of dexterity]

   Dex:       It affects your dexterity (+6).
   rC:        It protects you from cold.
   rPois:     It protects you from poison.
   Contam:    It causes magical contamination when unequipped.
 j - the ring "Elekkuh" (left hand) {rC+ rCorr Dex+5}
   (You acquired it on level 3 of the Dungeon)

   [ring of protection from cold]

   Dex:       It affects your dexterity (+5).
   rC:        It protects you from cold.
   rCorr:     It protects you from acid and corrosion.
Scrolls
 h - 2 scrolls of identify

Dungeon Overview and Level Annotations

Branches:
Dungeon (4/15)
 Temple: D:4-7

Altars:
Cheibriados
Fedhas
Kikubaaqudgha
Okawaru
Sif Muna
Wu Jian

Shops:
D:1 [   D:3 [


Message History

The orc wizard flickers and vanishes!
Deactivating autopickup; reactivate with Ctrl-A.
The orc wizard hits you with a +0 dagger.
The gnoll closely misses you.
You hear a shout!
You shoot an arrow. The arrow hits the orc wizard!
You kill the orc wizard!
Okawaru accepts your kill.
You hear a shout!
The mummy closely misses you. Something hits you.
The gnoll completely misses you.
Your Armour skill increases to level 1!
You shoot an arrow.
The arrow hits the mummy but does no damage.
Something hits you but does no damage.
The gnoll hits you from afar with a +0 halberd!
The mummy barely misses you.
An orc comes into view. It is wielding a +0 flail.
Something hits you. The gnoll barely misses you.
You shoot an arrow. The arrow hits the mummy.
The mummy is lightly damaged.
You hear a shout!
Something hits you but does no damage. The gnoll hits you but does no damage.
The mummy closely misses you.
You hear a shout!
You shoot an arrow. The arrow hits the mummy.
The mummy is lightly damaged.
You hear some strange, mumbled words.
A magic dart appears from out of thin air!
The magic dart hits you.
The gnoll hits you from afar with a +0 halberd!
The mummy hits you. The orc barely misses you.
Something hits you but does no damage. The gnoll hits you but does no damage.
You shoot an arrow. The arrow hits the mummy!
The mummy is severely damaged.
You hear some strange, mumbled words.
You are confused.
The orc hits you but does no damage. The gnoll barely misses you.
The mummy hits you. The orc hits you with a +0 flail.
You die...

.. .....).
...##.......
.....#.....
##.........
.###.........#
.............# .
.....)# #....# ...
...###o###[.<###....#
...###{@.g..).....#
...###M...#......##
........###...#..#
.......## #..###..#
_...... #..# #.#
......# #..# .#
...... #..# # ...###
#..# ..##


You could see a mummy, a gnoll and an orc.

Vanquished Creatures
  A hound (D:4)
  3 orc wizards
  A dart slug (D:1)
  2 orcs
  6 ball pythons
  5 endoplasms
  2 giant cockroaches (D:1)
  7 goblins
  5 hobgoblins (D:1)
  2 jackals (D:3)
  5 kobolds
  2 quokkas (D:2)
  3 bats
  6 frilled lizards
  5 rats
55 creatures vanquished.

Notes
Turn   | Place    | Note
-------+----------+-------------------------------------------
     0 | D:1      | qw the Deep Elf Hunter began the quest for the Orb.
     0 | D:1      | Reached XP level 1. HP: 12/12 MP: 3/3
     0 | D:1      | 0 ||| qw: Version: 0.3-a-9-g12657ce
     0 | D:1      | 0 ||| qw: Game counter: 3331
     0 | D:1      | 0 ||| qw: Always use a shield: true
     0 | D:1      | 0 ||| qw: God list: Okawaru
     0 | D:1      | 0 ||| qw: Allow faded altars: false
     0 | D:1      | 0 ||| qw: Do Orc after D:15 true
     0 | D:1      | 0 ||| qw: Do second Lair branch before Depths: true
     0 | D:1      | 0 ||| qw: Lair rune preference: random
     0 | D:1      | 0 ||| qw: Plans: Normal
     0 | D:1      | 0 ||| PLANNING D:1-11
    76 | D:1      | Found Kysoys's Antique Armour Shop.
    79 | D:1      | 79 ||| SHOPLISTING pair of gloves (108 gold, have 9).
    79 | D:1      | 79 ||| SHOPLISTING ring mail (96 gold, have 9).
    79 | D:1      | 79 ||| SHOPLISTING shiny helmet (180 gold, have 9).
    99 | D:1      | Reached skill level 6 in Ranged Weapons
    99 | D:1      | Reached XP level 2. HP: 15/16 MP: 4/4
   308 | D:1      | Reached XP level 3. HP: 20/20 MP: 5/5
   488 | D:1      | 488 ||| DROPPING +0 robe of the Archmagi.
   489 | D:1      | 489 ||| UPGRADING to +0 helmet.
   494 | D:1      | 494 ||| UPGRADING to ring of positive energy.
   495 | D:1      | 495 ||| READING scroll labelled TUEZXU YMIME.
   499 | D:1      | 499 ||| DROPPING scroll of butterflies.
   538 | D:2      | Identified the ring of Paranoia {Contam rPois rC+ Dex+6}
   979 | D:2      | Found an ornate altar of the Wu Jian Council.
  1082 | D:2      | Reached skill level 7 in Ranged Weapons
  1262 | D:2      | 1262 ||| UPGRADING to +0 ring mail.
  1272 | D:2      | 1272 ||| DROPPING +0 leather armour.
  1273 | D:2      | 1273 ||| UPGRADING to +1 pair of gloves.
  1278 | D:2      | 1278 ||| UPGRADING to ring of Paranoia {Contam rPois rC+
                  | Dex+6}.
  1279 | D:2      | 1279 ||| READING scroll labelled FAOX YCAAT.
  1280 | D:2      | 1280 ||| READING scroll labelled ASEDOVVAKE.
  1281 | D:2      | 1281 ||| DRINKING 2 bubbling green potions.
  1282 | D:2      | 1282 ||| DROPPING potion of attraction.
  1426 | D:3      | Found an iron altar of Okawaru.
  1432 | D:3      | 1432 ||| PLANNING OKAWARU WORSHIP
  1432 | D:3      | 1432 ||| READING scroll labelled DORORR JIRPH.
  1432 | D:3      | Identified a scroll of acquirement
  1432 | D:3      | 1432 ||| ACQUIRING +3 Mad Mage's Maulers {Infuse+∞ VampMP
                  | -Cast}
  1432 | D:3      | Acquired the +3 Mad Mage's Maulers {Infuse+∞ VampMP -Cast}
  1432 | D:3      | Found the +3 Mad Mage's Maulers {Infuse+∞ VampMP -Cast}
  1433 | D:3      | 1433 ||| READING scroll labelled AROLEM AKLADIEBO.
  1534 | D:3      | 1534 ||| READING 2 scrolls of identify.
  1534 | D:3      | 1534 ||| IDENTIFYING fuming inky potion
  1549 | D:3      | Became a worshipper of Warmaster Okawaru
  1550 | D:3      | 1550 ||| PLANNING D:1-11
  1646 | D:3      | 1646 ||| READING scroll of acquirement.
  1646 | D:3      | 1646 ||| ACQUIRING ring "Elekkuh" {rC+ rCorr Dex+5}
  1646 | D:3      | Acquired the ring "Elekkuh" {rC+ rCorr Dex+5}
  1760 | D:3      | Found Ebets's Antique Armour Shoppe.
  1763 | D:3      | 1763 ||| BUYING cloak (103 gold).
  1763 | D:3      | Bought a cloak for 103 gold pieces
  1763 | D:3      | 1763 ||| SHOPLISTING dyed leather armour (115 gold, have
                  | 111).
  1763 | D:3      | 1763 ||| SHOPLISTING pair of glowing gloves (172 gold, have
                  | 111).
  1763 | D:3      | 1763 ||| SHOPLISTING smoking ring mail (207 gold, have
                  | 111).
  1790 | D:3      | Found a blossoming altar of Fedhas.
  1791 | D:3      | Found an ancient bone altar of Kikubaaqudgha.
  1917 | D:3      | Found a shimmering blue altar of Sif Muna.
  1937 | D:3      | Reached XP level 4. HP: 8/25 MP: 6/6
  2028 | D:3      | 2028 ||| UPGRADING to +0 cloak.
  2033 | D:3      | 2033 ||| UPGRADING to ring "Elekkuh" {rC+ rCorr Dex+5}.
  2035 | D:3      | 2035 ||| DROPPING ring of positive energy.
  2036 | D:3      | 2036 ||| READING scroll labelled DYLEHU BEDION.
  2067 | D:4      | 2067 ||| STAIRDANCE
  2095 | D:4      | Found a snail-covered altar of Cheibriados.
  2098 | D:4      | Reached skill level 3 in Dodging
  2101 | D:4      | Reached skill level 8 in Ranged Weapons
  2101 | D:4      | Reached XP level 5. HP: 29/29 MP: 7/7
  2102 | D:4      | 2102 ||| DRINKING potion of curing.
  2102 | D:4      | 2102 ||| (to cure confusion)
  2104 | D:4      | Reached skill level 1 in Armour
  2106 | D:4      | HP: 7/29 [gnoll/+0 halberd (7)]
  2107 | D:4      | Slain by an orc

Levels and vault maps discovered:
D:1:      dpeg_arrival_solitude, layout_rooms, serial_shops,
          nicolae_shop_behind_doors, minmay_misc_feat_hallway
D:2:      layout_loops_corners, basic_altar
D:3:      layout_rooms, grunt_temple_overflow_growth_and_decay,
          amcnicky_altar_gilded, kennysheep_orc_sif_temple, serial_shops,
          nicolae_shop_behind_doors
D:4:      minmay_razor_zed, layout_layer_cave, slow_altar_1

Skill      XL: |  1  2  3  4  5 |
---------------+----------------+-----
Ranged Weapons | 6 7 8 |  8.0
Dodging        | 3 |  3.2
Armour         | 1 |  1.0
Fighting       | |  1.5
Stealth        | |  1.2

Action                     |  1- 3 |  4- 6 || total
---------------------------+-------+-------++-------
   Fire: Shortbow          |   111 |    16 ||   127
    Use: Scroll            |     7 |     1 ||     8
         Potion            |     1 |     1 ||     2
 Armour: Leather armour    |     1 |       ||     1
         Ring mail         |     5 |    14 ||    19
  Dodge: Dodged            |    16 |    19 ||    35

Table legend:
 A = Non-vault XP
 B = Vault XP
 C = Vault XP percentage of total XP
 D = Non-vault monster count
 E = Vault monster count
 F = Vault count percentage of total count
                 A         B        C        D         E       F
            +---------+---------+-------+---------+---------+-------
      Total |     195 |      38 |  16.3 |      53 |       2 |   3.6
            +---------+---------+-------+---------+---------+-------
        D:1 |      45 |       0 |   0.0 |      27 |       0 |   0.0
        D:2 |      20 |       0 |   0.0 |      14 |       0 |   0.0
        D:3 |      10 |      38 |  79.2 |       7 |       2 |  22.2
        D:4 |     120 |       0 |   0.0 |       5 |       0 |   0.0
            +---------+---------+-------+---------+---------+-------
